% Time on Ice - REGINA FALCONS
Lines # - Real PCT - Wanted PCT - Time Play
Normal Forward
1 - 36% - 36% - 20:45
2 - 28% - 31% - 16:06
3 - 23% - 23% - 13:19
4 - 12% - 10% - 6:53
Normal Defense
1 - 31% - 36% - 17:43
2 - 34% - 31% - 19:12
3 - 26% - 23% - 14:43
4 - 9% - 10% - 5:25
PP Forward
1 - 36% - 55% - 0:43
2 - 64% - 45% - 1:16
PP Defense
1 - 36% - 55% - 0:43
2 - 64% - 45% - 1:16
PK Forward
1 - 100% - 55% - 0:58
2 - 0% - 45% - 0:00
PK Defense
1 - 50% - 55% - 0:29
2 - 50% - 45% - 0:29
PK3 Forward
1 - 0% - 55%
2 - 0% - 45%
PK3 Defense
1 - 0% - 55%
2 - 0% - 45%
44 Forward
1 - 0% - 55%
2 - 0% - 45%
44 Defense
1 - 0% - 55%
2 - 0% - 45%
Last Minute Offensive  - 0:00
Last Minute Defensive  - 0:00
Total
Forward - 60:00
Defense - 60:00
% Time on Ice - LONG BEACH BARACUDAS
Lines # - Real PCT - Wanted PCT - Time Play
Normal Forward
1 - 33% - 36% - 18:50
2 - 31% - 31% - 17:42
3 - 27% - 23% - 15:13
4 - 9% - 10% - 5:18
Normal Defense
1 - 33% - 36% - 18:36
2 - 33% - 31% - 18:44
3 - 27% - 23% - 15:37
4 - 7% - 10% - 4:06
PP Forward
1 - 53% - 55% - 0:31
2 - 47% - 45% - 0:27
PP Defense
1 - 26% - 55% - 0:15
2 - 74% - 45% - 0:43
PK Forward
1 - 54% - 55% - 1:04
2 - 46% - 45% - 0:55
PK Defense
1 - 50% - 55% - 1:00
2 - 50% - 45% - 0:59
PK3 Forward
1 - 0% - 55%
2 - 0% - 45%
PK3 Defense
1 - 0% - 55%
2 - 0% - 45%
44 Forward
1 - 0% - 55%
2 - 0% - 45%
44 Defense
1 - 0% - 55%
2 - 0% - 45%
Last Minute Offensive  - 0:00
Last Minute Defensive  - 0:00
Total
Forward - 60:00
Defense - 60:00
Play-by-Play 1st period 0:01 of 1st period - William Karlsson wins face-off versus Rickard Rakell in neutral zone. 0:06 of 1st period - Shot by Mark Stone. 0:06 of 1st period - Stopped by Cale Morris with a rebound. 0:08 of 1st period - Shot by Alexander Romanov. 0:08 of 1st period - Shot Blocked by Ivan Provorov. 0:10 of 1st period - Shot by Jaden Schwartz. 0:10 of 1st period - Goal by Jaden Schwartz - REGINA FALCONS : 0 - LONG BEACH BARACUDAS : 1. 0:11 of 1st period - Ryan O'Reilly wins face-off versus Jacob Peterson in neutral zone. 0:11 of 1st period - Ryan O'Reilly is hit by Eric Robinson. 0:38 of 1st period - Andreas Athanasiou is hit by John Klingberg and loses puck. 0:43 of 1st period - Shot by Teuvo Teravainen. 0:43 of 1st period - Shot Misses the Net. 1:13 of 1st period - Scott Harrington is hit by Alexander Edler and loses puck. 1:21 of 1st period - Icing by Matthew Grzelcyk. 1:22 of 1st period - William Karlsson wins face-off versus Simon Ryfors in REGINA FALCONS zone. 1:29 of 1st period - Shot by William Karlsson. 1:29 of 1st period - Stopped by Cale Morris without a rebound. 1:30 of 1st period - Seth Jarvis wins face-off versus Rickard Rakell in REGINA FALCONS zone. 1:31 of 1st period - Shot by Taylor Hall. 1:31 of 1st period - Stopped by Cale Morris without a rebound. 1:32 of 1st period - Rickard Rakell wins face-off versus Seth Jarvis in REGINA FALCONS zone. 1:48 of 1st period - Shot by Taylor Hall. 1:48 of 1st period - Stopped by Cale Morris without a rebound. 1:49 of 1st period - William Karlsson wins face-off versus Simon Ryfors in REGINA FALCONS zone. 1:54 of 1st period - Shot by Mark Stone. 1:54 of 1st period - Stopped by Cale Morris with a rebound. 1:56 of 1st period - Shot by William Karlsson. 1:56 of 1st period - Shot Misses the Net. 2:11 of 1st period - Matthew Grzelcyk is hit by William Karlsson and loses puck. 2:53 of 1st period - Shot by Taylor Hall. 2:53 of 1st period - Stopped by Cale Morris without a rebound. 2:54 of 1st period - Ryan O'Reilly wins face-off versus Rickard Rakell in REGINA FALCONS zone. 3:09 of 1st period - Shot by Andreas Athanasiou. 3:09 of 1st period - Deflect By Teuvo Teravainen. 3:09 of 1st period - Stopped by Cale Morris with a rebound. 3:11 of 1st period - Shot by Teuvo Teravainen. 3:11 of 1st period - Stopped by Cale Morris without a rebound. 3:12 of 1st period - Seth Jarvis wins face-off versus Greg Meireles in REGINA FALCONS zone. 3:13 of 1st period - Shot by Cody Glass. 3:13 of 1st period - Stopped by Cale Morris without a rebound. 3:14 of 1st period - Greg Meireles wins face-off versus Seth Jarvis in REGINA FALCONS zone. 3:14 of 1st period - Greg Meireles is hit by Cody Glass. 3:33 of 1st period - Shot by Eric Robinson. 3:33 of 1st period - Stopped by Pyotr Kochetkov without a rebound. 3:34 of 1st period - Rickard Rakell wins face-off versus Derek Stepan in LONG BEACH BARACUDAS zone. 3:40 of 1st period - David Pastrnak is hit by Alexander Romanov and loses puck. 4:02 of 1st period - Shot by David Pastrnak. 4:02 of 1st period - Stopped by Pyotr Kochetkov without a rebound. 4:03 of 1st period - Jacob Peterson wins face-off versus Seth Jarvis in LONG BEACH BARACUDAS zone. 4:20 of 1st period - Shot by Taylor Hall. 4:20 of 1st period - Shot Misses the Net. 4:22 of 1st period - Shot by Cody Glass. 4:22 of 1st period - Stopped by Cale Morris with a rebound. 4:24 of 1st period - Shot by Cody Glass. 4:24 of 1st period - Stopped by Cale Morris with a rebound. 4:26 of 1st period - Shot by Matt Irwin. 4:26 of 1st period - Shot Blocked by Aaron Ekblad. 4:28 of 1st period - Shot by Cody Glass. 4:28 of 1st period - Stopped by Cale Morris with a rebound. 4:36 of 1st period - Shot by Taylor Hall. 4:36 of 1st period - Shot Misses the Net. 5:23 of 1st period - Shot by Rickard Rakell. 5:23 of 1st period - Shot Blocked by Alex Pietrangelo. 5:46 of 1st period - Icing by John Klingberg. 5:47 of 1st period - Rickard Rakell wins face-off versus Ryan O'Reilly in REGINA FALCONS zone. 6:17 of 1st period - Shot by Max Jones. 6:17 of 1st period - Shot Misses the Net. 6:19 of 1st period - Shot by Matthew Grzelcyk. 6:19 of 1st period - Shot Misses the Net. 6:29 of 1st period - Shot by Cole Smith. 6:29 of 1st period - Shot Misses the Net. 7:03 of 1st period - Matt Irwin is hit by Eric Robinson and loses puck. 7:14 of 1st period - Aaron Ekblad is hit by Cody Glass and loses puck. 7:33 of 1st period - Shot by Taylor Hall. 7:33 of 1st period - Stopped by Cale Morris without a rebound. 7:34 of 1st period - William Karlsson wins face-off versus Rickard Rakell in REGINA FALCONS zone. 8:03 of 1st period - Shot by Andrei Kuzmenko. 8:03 of 1st period - Stopped by Pyotr Kochetkov with a rebound. 8:07 of 1st period - Shot by David Pastrnak. 8:07 of 1st period - Stopped by Pyotr Kochetkov without a rebound. 8:08 of 1st period - Simon Ryfors wins face-off versus Seth Jarvis in LONG BEACH BARACUDAS zone. 8:40 of 1st period - Shot by Simon Ryfors. 8:40 of 1st period - Stopped by Pyotr Kochetkov without a rebound. 8:41 of 1st period - William Karlsson wins face-off versus Jacob Peterson in LONG BEACH BARACUDAS zone. 8:57 of 1st period - Icing by Aaron Ekblad. 8:58 of 1st period - Ryan O'Reilly wins face-off versus Jacob Peterson in REGINA FALCONS zone. 9:11 of 1st period - Shot by Jacob Peterson. 9:11 of 1st period - Shot Misses the Net. 9:13 of 1st period - Shot by Aaron Ekblad. 9:13 of 1st period - The goal is going for a video replay. 9:13 of 1st period - The goal is refused. 9:14 of 1st period - Derek Stepan wins face-off versus Rickard Rakell in LONG BEACH BARACUDAS zone. 10:19 of 1st period - Alexander Romanov is hit by Eric Robinson. 10:57 of 1st period - Off-side. 10:58 of 1st period - Simon Ryfors wins face-off versus Seth Jarvis in neutral zone. 11:38 of 1st period - Max Jones is hit by Matt Irwin. 12:08 of 1st period - Shot by Andreas Athanasiou. 12:08 of 1st period - Stopped by Cale Morris without a rebound. 12:09 of 1st period - Eric Robinson wins face-off versus William Karlsson in REGINA FALCONS zone. 12:09 of 1st period - Eric Robinson is hit by Alexander Romanov. 12:21 of 1st period - Shot by Eric Robinson. 12:21 of 1st period - Shot Misses the Net. 12:26 of 1st period - Jason Zucker is hit by Alexander Romanov and loses puck. 12:44 of 1st period - Off-side. 12:45 of 1st period - Rickard Rakell wins face-off versus Ryan O'Reilly in neutral zone. 12:48 of 1st period - Andreas Athanasiou is hit by Rickard Rakell. 12:59 of 1st period - Icing by Aaron Ekblad. 13:00 of 1st period - Seth Jarvis wins face-off versus Rickard Rakell in REGINA FALCONS zone. 13:12 of 1st period - Shot by Aaron Ekblad. 13:12 of 1st period - Stopped by Pyotr Kochetkov without a rebound. 13:13 of 1st period - William Karlsson wins face-off versus Eric Robinson in LONG BEACH BARACUDAS zone. 13:13 of 1st period - William Karlsson is hit by Jason Zucker. 13:20 of 1st period - Shot by William Karlsson. 13:20 of 1st period - Stopped by Cale Morris with a rebound. 13:24 of 1st period - Shot by William Karlsson. 13:24 of 1st period - Shot Blocked by Alexander Edler. 14:09 of 1st period - Icing by Eric Robinson. 14:10 of 1st period - Ryan O'Reilly wins face-off versus Jacob Peterson in REGINA FALCONS zone. 14:19 of 1st period - Shot by Ryan O'Reilly. 14:19 of 1st period - Shot Misses the Net. 14:21 of 1st period - Shot by Ryan O'Reilly. 14:21 of 1st period - Stopped by Cale Morris with a rebound. 14:52 of 1st period - Teuvo Teravainen is hit by Ivan Provorov and loses puck. 15:02 of 1st period - Icing by Aaron Ekblad. 15:03 of 1st period - William Karlsson wins face-off versus Rickard Rakell in REGINA FALCONS zone. 15:08 of 1st period - Shot by William Karlsson. 15:08 of 1st period - Deflect By Mark Stone. 15:08 of 1st period - Goal by Mark Stone - REGINA FALCONS : 0 - LONG BEACH BARACUDAS : 2. 15:09 of 1st period - William Karlsson wins face-off versus Simon Ryfors in neutral zone. 15:23 of 1st period - Shot by Cole Smith. 15:23 of 1st period - Shot Blocked by Alexander Romanov. 15:54 of 1st period - Alex Pietrangelo is hit by Cole Smith and loses puck. 16:11 of 1st period - Icing by Ivan Provorov. 16:12 of 1st period - Ryan O'Reilly wins face-off versus David Pastrnak in REGINA FALCONS zone. 16:12 of 1st period - Ryan O'Reilly is hit by Ivan Provorov. 16:16 of 1st period - Shot by Teuvo Teravainen. 16:16 of 1st period - Stopped by Cale Morris with a rebound. 16:32 of 1st period - Shot by Rickard Rakell. 16:32 of 1st period - Deflect By Andrei Kuzmenko. 16:32 of 1st period - Shot Misses the Net. 16:34 of 1st period - Shot by Aaron Ekblad. 16:34 of 1st period - Stopped by Pyotr Kochetkov without a rebound. 16:35 of 1st period - Greg Meireles wins face-off versus Seth Jarvis in LONG BEACH BARACUDAS zone. 16:38 of 1st period - Shot by Eric Robinson. 16:38 of 1st period - Shot Blocked by Cody Glass. 16:44 of 1st period - Aaron Ekblad is hit by Seth Jarvis and loses puck. 16:49 of 1st period - Shot by Seth Jarvis. 16:49 of 1st period - Shot Blocked by Aaron Ekblad. 16:51 of 1st period - Shot by Seth Jarvis. 16:51 of 1st period - Shot Blocked by Aaron Ekblad. 16:55 of 1st period - Shot by Taylor Hall. 16:55 of 1st period - Shot Misses the Net. 16:57 of 1st period - Shot by Cody Glass. 16:57 of 1st period - Stopped by Cale Morris with a rebound. 17:03 of 1st period - Shot by Seth Jarvis. 17:03 of 1st period - Stopped by Cale Morris without a rebound. 17:04 of 1st period - Ryan O'Reilly wins face-off versus Rickard Rakell in REGINA FALCONS zone. 17:46 of 1st period - Rickard Rakell is hit by Justin Braun and loses puck. 18:23 of 1st period - Eric Robinson is hit by Jaden Schwartz and loses puck. 18:28 of 1st period - Mark Stone is hit by Eric Robinson and loses puck. 19:12 of 1st period - Off-side. 19:13 of 1st period - Andrei Kuzmenko wins face-off versus Seth Jarvis in neutral zone. 19:26 of 1st period - Shot by Andrei Kuzmenko. 19:26 of 1st period - Shot Hit the Post. 19:50 of 1st period - Shot by David Pastrnak. 19:50 of 1st period - Stopped by Pyotr Kochetkov without a rebound. 19:51 of 1st period - Simon Ryfors wins face-off versus Teuvo Teravainen in LONG BEACH BARACUDAS zone. Goals for this period are 0 for REGINA FALCONS vs 2 for LONG BEACH BARACUDAS. Shots for this period are 9 for REGINA FALCONS vs 21 for LONG BEACH BARACUDAS. 2nd period 0:01 of 2nd period - William Karlsson wins face-off versus Greg Meireles in neutral zone. 0:10 of 2nd period - William Karlsson is hit by Greg Meireles and loses puck. 0:25 of 2nd period - Shot by Eric Robinson. 0:25 of 2nd period - Shot Misses the Net. 0:27 of 2nd period - Shot by Aaron Ekblad. 0:27 of 2nd period - Stopped by Pyotr Kochetkov with a rebound. 0:29 of 2nd period - Shot by Aaron Ekblad. 0:29 of 2nd period - Shot Misses the Net. 0:31 of 2nd period - Shot by Ivan Provorov. 0:31 of 2nd period - Shot Misses the Net. 2:05 of 2nd period - Shot by Andrei Kuzmenko. 2:05 of 2nd period - Shot Misses the Net. 2:15 of 2nd period - Shot by David Pastrnak. 2:15 of 2nd period - Shot Blocked by Ryan O'Reilly. 2:40 of 2nd period - Icing by Jason Zucker. 2:41 of 2nd period - Jacob Peterson wins face-off versus Seth Jarvis in REGINA FALCONS zone. 3:08 of 2nd period - Shot by Taylor Hall. 3:08 of 2nd period - Shot Blocked by Aaron Ekblad. 3:59 of 2nd period - Icing by Matthew Grzelcyk. 4:00 of 2nd period - Simon Ryfors wins face-off versus William Karlsson in REGINA FALCONS zone. 4:00 of 2nd period - Simon Ryfors is hit by Jaden Schwartz. 4:06 of 2nd period - Max Jones is hit by Jaden Schwartz and loses puck. 4:16 of 2nd period - Icing by Matthew Grzelcyk. 4:17 of 2nd period - Ryan O'Reilly wins face-off versus Simon Ryfors in REGINA FALCONS zone. 4:35 of 2nd period - Cole Smith is hit by Andreas Athanasiou and loses puck. 5:37 of 2nd period - Icing by Taylor Hall. 5:38 of 2nd period - Seth Jarvis wins face-off versus Jacob Peterson in LONG BEACH BARACUDAS zone. 5:38 of 2nd period - Seth Jarvis is hit by Jason Zucker. 6:10 of 2nd period - Icing by John Klingberg. 6:11 of 2nd period - Jacob Peterson wins face-off versus Ryan O'Reilly in REGINA FALCONS zone. 6:28 of 2nd period - Icing by John Klingberg. 6:29 of 2nd period - Jacob Peterson wins face-off versus William Karlsson in REGINA FALCONS zone. 6:50 of 2nd period - Shot by William Karlsson. 6:50 of 2nd period - Shot Misses the Net. 7:48 of 2nd period - Shot by Max Jones. 7:48 of 2nd period - Shot Misses the Net. 8:01 of 2nd period - Icing by Matt Irwin. 8:02 of 2nd period - William Karlsson wins face-off versus Greg Meireles in LONG BEACH BARACUDAS zone. 8:39 of 2nd period - Shot by Ryan O'Reilly. 8:39 of 2nd period - Shot Misses the Net. 8:41 of 2nd period - Shot by Ryan O'Reilly. 8:41 of 2nd period - Shot Blocked by Erik Gustafsson. 9:17 of 2nd period - Shot by Taylor Hall. 9:17 of 2nd period - Shot Misses the Net. 9:21 of 2nd period - Shot by Cody Glass. 9:21 of 2nd period - Shot Misses the Net. 10:36 of 2nd period - Shot by Rickard Rakell. 10:36 of 2nd period - Deflect By David Pastrnak. 10:36 of 2nd period - Shot Misses the Net. 11:30 of 2nd period - Shot by Cody Glass. 11:30 of 2nd period - Goal by Cody Glass - REGINA FALCONS : 0 - LONG BEACH BARACUDAS : 3. 11:31 of 2nd period - Rickard Rakell wins face-off versus William Karlsson in neutral zone. 11:38 of 2nd period - Shot by Rickard Rakell. 11:38 of 2nd period - Shot Misses the Net. 11:56 of 2nd period - Shot by Rickard Rakell. 11:56 of 2nd period - Shot Misses the Net. 12:10 of 2nd period - Andrei Kuzmenko is hit by Mark Stone and loses puck. 12:18 of 2nd period - Icing by Aaron Ekblad. 12:19 of 2nd period - Ryan O'Reilly wins face-off versus Rickard Rakell in REGINA FALCONS zone. 13:14 of 2nd period - Seth Jarvis is hit by Alexander Edler and loses puck. 13:45 of 2nd period - Shot by Mark Stone. 13:45 of 2nd period - Shot Misses the Net. 13:47 of 2nd period - Shot by William Karlsson.